| TOP OF THE 1ST |
|
Hagerstown Suns batting - Pitching for Kane County Cougars : RHP Marco Rodriguez
|
|
Pitching: RHP Marco Rodriguez
|
|
|
Batting: RHB Taffounnout Kame
|
0-0: Called Strike 0-1: Swinging Strike 0-2: Ball 1-2: Ball 2-2: Strikes out swinging, 2-3 out at first.
|
|
Batting: RHB Qian Tai
|
0-0: Ball 1-0: DOUBLE (Flyball, 8LXD, EV 107.5 MPH)
|
|
Batting: RHB Pat Scaturro
|
0-0: Called Strike 0-1: Foul Ball, location: 2F 0-2: Ball 1-2: Foul Ball, location: 2F 1-2: Ball 2-2: Strikes out swinging
|
|
Batting: LHB Mike Hamilton
|
0-0: Called Strike 0-1: Foul Ball, location: 2F 0-2: Ball 1-2: Strikes out looking
|
| Top of the 1st over - 0 runs, 1 hit, 0 errors, 1 left on base; Hagerstown 0 - Kane County 0 |
| BOTTOM OF THE 1ST |
|
Kane County Cougars batting - Pitching for Hagerstown Suns : RHP Chris Mosley
|
|
Pitching: RHP Chris Mosley
|
|
|
Batting: LHB J.P. Olson
|
0-0: Ball 1-0: Ball 2-0: Ball 3-0: Base on Balls
|
|
Batting: RHB Daniel Rivera
|
0-0: Fly out, F9 (Flyball, 9, EV 90.0 MPH)
|
|
Batting: RHB Longfellow Wetzler
|
0-0: Ball J.P. Olson steals 2nd base 1-0: Ball J.P. Olson steals 3rd base 2-0: Swinging Strike 2-1: Foul Ball, location: 2F 2-2: Foul Ball, location: 2F 2-2: Ball 3-2: Ground out 3-1 (Groundball, 34, EV 101.2 MPH) J.P. Olson scores
|
|
Batting: RHB Mike Smith
|
0-0: Ball 1-0: Swinging Strike 1-1: Ball 2-1: Called Strike 2-2: Ball 3-2: Fly out, F8 (Flyball, 8RD, EV 104.4 MPH)
|
| Bottom of the 1st over - 1 run, 0 hits, 0 errors, 0 left on base; Hagerstown 0 - Kane County 1 |
| TOP OF THE 2ND |
|
Hagerstown Suns batting - Pitching for Kane County Cougars : RHP Marco Rodriguez
|
|
Batting: RHB Vasag Semerjian
|
0-0: Called Strike 0-1: Ball 1-1: Foul Ball, location: 2F 1-2: Ground out 6-3 (Groundball, 6, EV 103.8 MPH)
|
|
Batting: RHB Aaron Bateman
|
0-0: Ground out U3 (Groundball, 34S, EV 89.4 MPH)
|
|
Batting: RHB Joe Simmelink
|
0-0: Ball 1-0: Called Strike 1-1: Foul Ball, location: 2F 1-2: Ball 2-2: Ball 3-2: Foul Ball, location: 2F 3-2: Foul Ball, location: 2F 3-2: Foul Ball, location: 2F 3-2: Ground out 5-3 (Groundball, 56, EV 100.6 MPH)
|
| Top of the 2nd over - 0 runs, 0 hits, 0 errors, 0 left on base; Hagerstown 0 - Kane County 1 |
| BOTTOM OF THE 2ND |
|
Kane County Cougars batting - Pitching for Hagerstown Suns : RHP Chris Mosley
|
|
Batting: RHB Dustin Legault
|
0-0: Swinging Strike 0-1: SINGLE (Groundball, 6D, EV 96.9 MPH)
|
|
Batting: RHB Cesar Rendon
|
0-0: Ball 1-0: Swinging Strike 1-1: Foul Ball, location: 2F 1-2: Strikes out looking
|
|
Batting: SHB Blaine Peters
|
0-0: Reached on error, E3 (Groundball, 23, EV 88.8 MPH) Dustin Legault to second
|
|
Batting: RHB Sergio Manzanero
|
0-0: Foul Ball, location: 2F 0-1: SINGLE (Groundball, 6S, EV 98.1 MPH) Dustin Legault to third Blaine Peters to second
|
|
Batting: RHB Curt Barrett
|
0-0: Ball 1-0: Ball 2-0: Grounds into double play, 4-6-3 (Groundball, 4MD, EV 104.4 MPH)
|
| Bottom of the 2nd over - 0 runs, 2 hits, 1 error, 2 left on base; Hagerstown 0 - Kane County 1 |
| TOP OF THE 3RD |
|
Hagerstown Suns batting - Pitching for Kane County Cougars : RHP Marco Rodriguez
|
|
Batting: RHB Jessie Fisher
|
0-0: Foul Ball, location: 2F 0-1: Ground out 6-3 (Groundball, 6, EV 96.2 MPH)
|
|
Batting: RHB Jason Ewert
|
0-0: Called Strike 0-1: Called Strike 0-2: Strikes out swinging
|
|
Batting: RHB Taffounnout Kame
|
0-0: SINGLE (Line Drive, 4MD, EV 100.6 MPH)
|
|
Batting: RHB Qian Tai
|
0-0: Ball 1-0: Called Strike 1-1: Foul Ball, location: 2F 1-2: Strikes out swinging
|
| Top of the 3rd over - 0 runs, 1 hit, 0 errors, 1 left on base; Hagerstown 0 - Kane County 1 |
| BOTTOM OF THE 3RD |
|
Kane County Cougars batting - Pitching for Hagerstown Suns : RHP Chris Mosley
|
|
Batting: LHB J.P. Olson
|
0-0: Called Strike 0-1: Ball 1-1: SINGLE (Line Drive, 8RS, EV 101.2 MPH)
|
|
Batting: RHB Daniel Rivera
|
0-0: Foul Ball, location: 2F 0-1: SINGLE (Groundball, 34D, EV 96.2 MPH) J.P. Olson to second Runner from 2nd tries for 3rd, SAFE, throw by RF made to third
|
|
Batting: RHB Longfellow Wetzler
|
0-0: Ball 1-0: Ball 2-0: Foul Ball, location: 2F 2-1: Fielders Choice at 2nd, 1-4 (Groundball, 15S, EV 61.9 MPH)
|
|
Batting: RHB Mike Smith
|
0-0: Swinging Strike 0-1: Foul Ball, location: 2F 0-2: Ball 1-2: Strikes out swinging
|
|
Batting: RHB Dustin Legault
|
0-0: Foul Ball, location: 2F 0-1: Foul Ball, location: 2F 0-2: Hit by Pitch Longfellow Wetzler to second
|
|
Batting: RHB Cesar Rendon
|
0-0: Ball 1-0: Called Strike 1-1: Called Strike 1-2: Ground out 4-3 (Groundball, 4, EV 108.1 MPH)
|
| Bottom of the 3rd over - 0 runs, 2 hits, 0 errors, 3 left on base; Hagerstown 0 - Kane County 1 |
| TOP OF THE 4TH |
|
Hagerstown Suns batting - Pitching for Kane County Cougars : RHP Marco Rodriguez
|
|
Batting: RHB Pat Scaturro
|
0-0: Swinging Strike 0-1: Called Strike 0-2: Ball 1-2: Ball 2-2: Ground out 4-3 (Groundball, 4S, EV 86.9 MPH)
|
|
Batting: LHB Mike Hamilton
|
0-0: Called Strike 0-1: Called Strike 0-2: Strikes out looking
|
|
Batting: RHB Vasag Semerjian
|
0-0: Swinging Strike 0-1: Called Strike 0-2: Foul Ball, location: 2F 0-2: Ball 1-2: Ball 2-2: Ball 3-2: SOLO HOME RUN (Flyball, 7D, EV 101.9 MPH), Distance : 385 ft
|
|
Batting: RHB Aaron Bateman
|
0-0: Foul Ball, location: 2F 0-1: Ball 1-1: Fly out, F7 (Flyball, 7, EV 91.2 MPH)
|
| Top of the 4th over - 1 run, 1 hit, 0 errors, 0 left on base; Hagerstown 1 - Kane County 1 |
| BOTTOM OF THE 4TH |
|
Kane County Cougars batting - Pitching for Hagerstown Suns : RHP Chris Mosley
|
|
Batting: SHB Blaine Peters
|
0-0: Foul Ball, location: 2F 0-1: Fly out, F4 (Line Drive, 4, EV 70.0 MPH)
|
|
Batting: RHB Sergio Manzanero
|
0-0: Ball 1-0: Called Strike 1-1: Swinging Strike 1-2: Ball 2-2: Foul Ball, location: 2F 2-2: Strikes out swinging
|
|
Batting: RHB Curt Barrett
|
0-0: Called Strike 0-1: Foul Ball, location: 2F 0-2: Ball 1-2: Ball 2-2: Foul Ball, location: 2F 2-2: Strikes out looking
|
| Bottom of the 4th over - 0 runs, 0 hits, 0 errors, 0 left on base; Hagerstown 1 - Kane County 1 |
| TOP OF THE 5TH |
|
Hagerstown Suns batting - Pitching for Kane County Cougars : RHP Marco Rodriguez
|
|
Batting: RHB Joe Simmelink
|
0-0: Called Strike 0-1: Ball 1-1: Fly out, F9 (Line Drive, 89M, EV 94.4 MPH)
|
|
Batting: RHB Jessie Fisher
|
0-0: Called Strike 0-1: Foul Ball, location: 2F 0-2: Foul Ball, location: 2F 0-2: Foul Ball, location: 2F 0-2: Ball 1-2: Strikes out swinging
|
|
Batting: RHB Jason Ewert
|
0-0: Called Strike 0-1: Swinging Strike 0-2: Ball 1-2: Strikes out swinging
|
| Top of the 5th over - 0 runs, 0 hits, 0 errors, 0 left on base; Hagerstown 1 - Kane County 1 |
| BOTTOM OF THE 5TH |
|
Kane County Cougars batting - Pitching for Hagerstown Suns : RHP Chris Mosley
|
|
Batting: LHB J.P. Olson
|
0-0: Called Strike 0-1: Ball 1-1: Ball 2-1: Called Strike 2-2: DOUBLE (Groundball, 3L, EV 103.8 MPH)
|
|
Batting: RHB Daniel Rivera
|
0-0: Foul Ball, location: 2F 0-1: Foul Ball, location: 2F 0-2: Ball 1-2: DOUBLE (Line Drive, 7LS, EV 88.8 MPH) J.P. Olson scores
|
|
Batting: RHB Longfellow Wetzler
|
0-0: Ball 1-0: Ball 2-0: Ball 3-0: Called Strike 3-1: Base on Balls
|
|
Batting: RHB Mike Smith
|
0-0: Called Strike 0-1: Ball 1-1: Ball 2-1: Ball 3-1: Swinging Strike 3-2: Fly out, F9 (Flyball, 89M, EV 82.5 MPH)
|
|
Batting: RHB Dustin Legault
|
0-0: Called Strike 0-1: Swinging Strike 0-2: Ball 1-2: Ball 2-2: Strikes out looking
|
|
Batting: RHB Cesar Rendon
|
0-0: Foul Ball, location: 2F 0-1: Ball 1-1: SINGLE (Groundball, 34D, EV 96.9 MPH) Daniel Rivera to third Longfellow Wetzler to second Runner from 3rd tries for Home, throw by RF and OUT! 9-2
|
| Bottom of the 5th over - 1 run, 3 hits, 0 errors, 2 left on base; Hagerstown 1 - Kane County 2 |
| TOP OF THE 6TH |
|
Hagerstown Suns batting - Pitching for Kane County Cougars : RHP Marco Rodriguez
|
|
Batting: RHB Taffounnout Kame
|
0-0: Foul Ball, location: 2F 0-1: Foul Ball, location: 2F 0-2: Ball 1-2: Ground out 6-3 (Groundball, 6, EV 96.9 MPH)
|
|
Batting: RHB Qian Tai
|
0-0: Ball 1-0: Called Strike 1-1: Ball 2-1: Ball 3-1: Ground out 6-3 (Groundball, 6, EV 76.9 MPH)
|
|
Batting: RHB Pat Scaturro
|
0-0: Ball 1-0: Called Strike 1-1: Foul Ball, location: 2F 1-2: Fly out, F7 (Line Drive, 7, EV 103.8 MPH)
|
| Top of the 6th over - 0 runs, 0 hits, 0 errors, 0 left on base; Hagerstown 1 - Kane County 2 |
| BOTTOM OF THE 6TH |
|
Kane County Cougars batting - Pitching for Hagerstown Suns : RHP Chris Mosley
|
|
Pitching: RHP Joe Adelmann
|
|
|
Batting: SHB Blaine Peters
|
0-0: Foul Ball, location: 2F 0-1: Ball 1-1: Foul Ball, location: 2F 1-2: Foul Ball, location: 2F 1-2: SINGLE (Line Drive, 5L, EV 98.8 MPH)
|
|
Batting: RHB Sergio Manzanero
|
0-0: Ball Blaine Peters steals 2nd base 1-0: Intentional Walk
|
|
Batting: RHB Curt Barrett
|
0-0: Called Strike 0-1: Ball 1-1: Ball 2-1: Called Strike 2-2: Strikes out swinging
|
|
Batting: LHB J.P. Olson
|
0-0: Called Strike 0-1: Swinging Strike 0-2: Foul Ball, location: 2F 0-2: Strikes out swinging
|
|
Batting: RHB Daniel Rivera
|
0-0: Ball 1-0: Foul Ball, location: 2F 1-1: Ball 2-1: Foul Ball, location: 2F 2-2: Fly out, F8 (Flyball, 8LD, EV 96.2 MPH)
|
| Bottom of the 6th over - 0 runs, 1 hit, 0 errors, 2 left on base; Hagerstown 1 - Kane County 2 |
| TOP OF THE 7TH |
|
Hagerstown Suns batting - Pitching for Kane County Cougars : RHP Marco Rodriguez
|
|
Batting: LHB Mike Hamilton
|
0-0: Foul Ball, location: 2F 0-1: Ball 1-1: Foul Ball, location: 2F 1-2: SOLO HOME RUN (Flyball, 9D, EV 93.1 MPH), Distance : 370 ft
|
|
Batting: RHB Vasag Semerjian
|
0-0: Ball 1-0: Fly out, F9 (Flyball, 89S, EV 80.0 MPH)
|
|
Batting: RHB Aaron Bateman
|
0-0: Ground out 6-3 (Groundball, 56, EV 83.8 MPH)
|
|
Batting: RHB Joe Simmelink
|
0-0: Ball 1-0: Foul Ball, location: 2F 1-1: Swinging Strike 1-2: Foul Ball, location: 2F 1-2: Foul Ball, location: 2F 1-2: Ball 2-2: Foul Ball, location: 2F 2-2: Strikes out swinging
|
| Top of the 7th over - 1 run, 1 hit, 0 errors, 0 left on base; Hagerstown 2 - Kane County 2 |
| BOTTOM OF THE 7TH |
|
Kane County Cougars batting - Pitching for Hagerstown Suns : RHP Joe Adelmann
|
|
Pitching: LHP Kevin Besser
|
|
|
Batting: RHB Longfellow Wetzler
|
0-0: Called Strike 0-1: Ball 1-1: Called Strike 1-2: Ball 2-2: Ball 3-2: Ground out 5-3 (Groundball, 56, EV 85.0 MPH)
|
|
Batting: RHB Mike Smith
|
0-0: Called Strike 0-1: Ball 1-1: Foul Ball, location: 2F 1-2: Foul Ball, location: 2F 1-2: Foul Ball, location: 2F 1-2: Strikes out swinging
|
|
Batting: RHB Dustin Legault
|
0-0: Called Strike 0-1: DOUBLE (Groundball, 5L, EV 94.4 MPH)
|
|
Batting: RHB Cesar Rendon
|
0-0: Intentional Walk
|
|
Batting: SHB Blaine Peters
|
0-0: Ball 1-0: Ball 2-0: Foul Ball, location: 2F 2-1: Foul Ball, location: 2F 2-2: Strikes out swinging
|
| Bottom of the 7th over - 0 runs, 1 hit, 0 errors, 2 left on base; Hagerstown 2 - Kane County 2 |
| TOP OF THE 8TH |
|
Hagerstown Suns batting - Pitching for Kane County Cougars : RHP Marco Rodriguez
|
|
Pinch Hitting: LHB Diego Gutierres
|
0-0: Called Strike 0-1: Ball 1-1: Called Strike 1-2: Ball 2-2: Foul Ball, location: 2F 2-2: Fly out, F7 (Flyball, 7S, EV 95.6 MPH)
|
|
Pitching: RHP Sam Lewis
|
|
|
Batting: RHB Jason Ewert
|
0-0: Called Strike 0-1: Swinging Strike 0-2: DOUBLE (Line Drive, 78XD, EV 110.0 MPH)
|
|
Batting: RHB Taffounnout Kame
|
0-0: Ball 1-0: Foul Ball, location: 2F 1-1: Called Strike 1-2: Strikes out swinging, 2-3 out at first.
|
|
Batting: RHB Qian Tai
|
0-0: Swinging Strike 0-1: Ball 1-1: Swinging Strike 1-2: Foul Ball, location: 2F 1-2: Strikes out looking
|
| Top of the 8th over - 0 runs, 1 hit, 0 errors, 1 left on base; Hagerstown 2 - Kane County 2 |
| BOTTOM OF THE 8TH |
|
Kane County Cougars batting - Pitching for Hagerstown Suns : LHP Kevin Besser
|
|
Pitching: RHP Steve Schneider
|
|
|
Now in LF: Diego Gutierres
|
|
|
Batting: RHB Sergio Manzanero
|
0-0: Ball 1-0: Foul Ball, location: 2F 1-1: Called Strike 1-2: Ball 2-2: Foul Ball, location: 2F 2-2: Strikes out looking
|
|
Batting: RHB Curt Barrett
|
0-0: Called Strike 0-1: Foul Ball, location: 2F 0-2: Ball 1-2: Strikes out swinging
|
|
Batting: LHB J.P. Olson
|
0-0: Swinging Strike 0-1: Ground out 1-3 (Groundball, P, EV 67.5 MPH)
|
| Bottom of the 8th over - 0 runs, 0 hits, 0 errors, 0 left on base; Hagerstown 2 - Kane County 2 |
| TOP OF THE 9TH |
|
Hagerstown Suns batting - Pitching for Kane County Cougars : RHP Sam Lewis
|
|
Batting: RHB Pat Scaturro
|
0-0: Called Strike 0-1: Foul Ball, location: 2F 0-2: Strikes out swinging
|
|
Batting: LHB Mike Hamilton
|
0-0: Called Strike 0-1: Ball 1-1: Called Strike 1-2: Ball 2-2: Foul Ball, location: 2F 2-2: Ball 3-2: Foul Ball, location: 2F 3-2: Base on Balls
|
|
Batting: RHB Vasag Semerjian
|
0-0: Grounds into double play, 5-4-3 (Groundball, 56, EV 108.8 MPH)
|
| Top of the 9th over - 0 runs, 0 hits, 0 errors, 0 left on base; Hagerstown 2 - Kane County 2 |
| BOTTOM OF THE 9TH |
|
Kane County Cougars batting - Pitching for Hagerstown Suns : RHP Steve Schneider
|
|
Pitching: RHP Jordan Amaker
|
|
|
Batting: RHB Daniel Rivera
|
0-0: Ball 1-0: Called Strike 1-1: Foul Ball, location: 2F 1-2: Strikes out swinging
|
|
Batting: RHB Longfellow Wetzler
|
0-0: Ball 1-0: Foul Ball, location: 2F 1-1: Swinging Strike 1-2: Strikes out swinging
|
|
Batting: RHB Mike Smith
|
0-0: Ball 1-0: Ball 2-0: Called Strike 2-1: Ball 3-1: Base on Balls
|
|
Batting: RHB Dustin Legault
|
0-0: Ball 1-0: SINGLE (Groundball, 34D, EV 103.8 MPH) Mike Smith to second Runner from 2nd tries for 3rd, SAFE, throw by RF made to third
|
|
Batting: RHB Cesar Rendon
|
0-0: Foul Ball, location: 2F 0-1: Swinging Strike 0-2: Foul Ball, location: 2F 0-2: Foul Ball, location: 2F 0-2: Ball 1-2: Ball 2-2: Strikes out looking
|
| Bottom of the 9th over - 0 runs, 1 hit, 0 errors, 2 left on base; Hagerstown 2 - Kane County 2 |
| TOP OF THE 10TH |
|
Hagerstown Suns batting - Pitching for Kane County Cougars : RHP Sam Lewis
|
|
Pitching: RHP Moises Baez
|
|
|
Batting: RHB Aaron Bateman
|
0-0: Ball 1-0: SINGLE (Line Drive, 6D, EV 96.2 MPH)
|
|
Batting: RHB Joe Simmelink
|
0-0: Bunted foul Pickoff Throw to First - Out! 1-3 0-1: Foul Ball, location: 2F 0-2: Strikes out looking
|
|
Batting: LHB Diego Gutierres
|
0-0: DOUBLE (Flyball, 89D, EV 106.2 MPH)
|
|
Batting: RHB Jason Ewert
|
0-0: Ball 1-0: Ground out U3 (Groundball, 34, EV 99.4 MPH)
|
| Top of the 10th over - 0 runs, 2 hits, 0 errors, 1 left on base; Hagerstown 2 - Kane County 2 |
| BOTTOM OF THE 10TH |
|
Kane County Cougars batting - Pitching for Hagerstown Suns : RHP Jordan Amaker
|
|
Batting: SHB Blaine Peters
|
0-0: Called Strike 0-1: Called Strike 0-2: Ball 1-2: Ball 2-2: SINGLE (Groundball, 56S, EV 66.9 MPH) (infield hit)
|
|
Batting: RHB Sergio Manzanero
|
0-0: Ball 1-0: Foul Ball, location: 2F 1-1: Ball 2-1: Swinging Strike 2-2: Foul Ball, location: 2F 2-2: Strikes out swinging
|
|
Pinch Hitting: LHB Jeff Trapp
|
0-0: Ball 1-0: Ball 2-0: Ball 3-0: Called Strike 3-1: DOUBLE (Line Drive, 89D, EV 105.0 MPH) Blaine Peters to third
|
|
Batting: LHB J.P. Olson
|
0-0: Intentional Walk
|
|
Batting: RHB Daniel Rivera
|
0-0: SINGLE (Groundball, 56, EV 97.5 MPH) Blaine Peters scores
|
| Bottom of the 10th over - 1 run, 3 hits, 0 errors, 2 left on base; Hagerstown 2 - Kane County 3 |
|